 Dungeon Crawl Stone Soup version 0.30.0 (webtiles) character file.

Game seed: 9556088363638765121

25 Dani the Chiller (level 3, 0/24 HPs)
             Began as a Formicid Ice Elementalist on May 17, 2023.
             Succumbed to an adder's poison
             ... on level 2 of the Dungeon.
             The game lasted 00:03:25 (961 turns).

Dani the Chiller (Formicid Ice Elementalist)         Turns: 961, Time: 00:03:26

Health: 0/24       AC:  5    Str: 12    XL:     3   Next: 20%
Magic:  6/6        EV: 10    Int: 14    God:
Gold:   48         SH:  0    Dex: 16    Spells: 5/6 levels left

rFire   . . .        g - +0 mace
rCold   . . .        (no shield)
rNeg    . . .        e - +0 ring mail
rPois   .            (helmet unavailable)
rElec   .            (no cloak)
rCorr   .            (no gloves)
SInv    +            (no boots)
Will    .....        (no amulet)
Stlth   ++           (no ring)
HPRegen 0.24/turn    (no ring)
MPRegen 0.10/turn

%: no passive effects
@: lethally poisoned (0 -> -2)
A: permanent stasis, dig shafts and tunnels, antennae 3, four strong arms
a: Dig, Shaft Self


You were on level 2 of the Dungeon.
You visited 1 branch of the dungeon, and saw 2 of its levels.

You collected 48 gold pieces.

Inventory:

Hand Weapons
 f - a +0 whip
   (You took it off a kobold on level 1 of the Dungeon)
 g - a +0 mace (weapon)
   (You found it on level 1 of the Dungeon)
Armour
 a - a +0 robe
 e - a +0 ring mail (worn)
   (You found it on level 1 of the Dungeon)
Jewellery
 o - a ring of poison resistance
   (You found it on level 1 of the Dungeon)
Scrolls
 c - 2 scrolls of amnesia
 M - a scroll of magic mapping
 T - a scroll of teleportation
Potions
 b - a potion of magic
 d - 2 potions of berserk rage
 y - a potion of degeneration


   Skills:
 + Level 2.6 Ranged Weapons
 - Level 1.7 Dodging
 - Level 2.4 Stealth
 - Level 2.1 Spellcasting
 - Level 4.0 Ice Magic


You had 5 spell levels left.
You knew the following spells:

 Your Spells              Type           Power      Damage    Failure   Level
a - Freeze                Ice            48%        1d6       11%         1

Your spell library contained the following spells:

 Spells                   Type           Power      Damage    Failure   Level
 Frozen Ramparts          Ice            24%        1d4       30%         3
 Ozocubu's Armour         Ice            12%        N/A       30%         3
 Sandblast                Erth           2%         2d4       47%         1
 Passwall                 Tmut/Erth      0%         N/A       63%         2
 Stone Arrow              Conj/Erth      2%         3d7       85%         3
 Summon Ice Beast         Ice/Summ       7%         N/A       93%         4
 Animate Dead             Necr           1%         N/A       99%         4
 Haunt                    Necr/Summ      0%         N/A       100%        7
 Infestation              Necr           0%         N/A       100%        8


Dungeon Overview and Level Annotations

Branches:
Dungeon (2/15)

Altars:


Innate Abilities, Weirdness & Mutations

You cannot be hasted, slowed, berserked, paralysed or teleported.
You can dig through walls and to a lower floor.
You have a pair of large antennae on your head. (SInv)
Your four strong arms can wield two-handed weapons with a shield.


Message History

The hobgoblin is almost dead.
The hobgoblin hits you.
You hit the hobgoblin.
You kill the hobgoblin!
No target in view!
No target in view!
There is a stone staircase leading up here.
You climb upwards.
There is a stone staircase leading down here.
Key pressed, stopping explore.
Key pressed, stopping explore.
Key pressed, stopping explore.
Key pressed, stopping explore.
Done exploring.
There is a stone staircase leading down here.
You climb downwards.
Found 5 stones.
There is a stone staircase leading up here.
A quokka is nearby!
You closely miss the quokka. The quokka closely misses you.
You closely miss the quokka. The quokka barely misses you.
The quokka bites you.
You closely miss the quokka. The quokka bites you.
The quokka bites you but does no damage.
You hit the quokka.
You kill the quokka!
No target in view!
No target in view!
There is a stone staircase leading up here.
Found a scroll of identify.
HP restored.
An adder comes into view.
An adder is nearby!
An adder is nearby!
An adder is nearby!
An adder is nearby!
A goblin comes into view. It is wielding a +0 dagger.
Found 7 stones.
An endoplasm comes into view.
The goblin shouts! 2 jackals come into view.
The endoplasm quivers.
A goblin comes into view. It is wielding a +0 club.
The goblin shouts!
You hit the adder but do no damage.
A jackal comes into view.
The adder closely misses you. The adder barely misses you.
The adder attacks as you move away! The adder barely misses you.
The adder attacks as you move away! The adder misses you.
The adder barely misses you. The adder attacks as you move away!
The adder closely misses you.
The jackal barks!
You hear an angry hiss.
You barely miss the adder.
A ball python comes into view.
The adder bites you but does no damage. x2
You hit the adder but do no damage. The adder barely misses you.
The adder closely misses you.
You hit the adder.
The adder is heavily wounded.
The adder bites you.
You are poisoned.
The adder poisons you!
You barely miss the adder.
The adder is heavily wounded.
You feel sick. The adder bites you. The adder bites you but does no damage.
You barely miss the adder.
The adder is heavily wounded.
You feel sick. The adder closely misses you. x2
You closely miss the adder.
The adder is heavily wounded.
You feel sick. The adder barely misses you. x2
You hit the adder.
The adder is severely wounded.
You feel sick.
You are no longer poisoned.
The adder bites you.
* * * LOW HITPOINT WARNING * * *
You are poisoned.
The adder poisons you! The adder bites you but does no damage.
You completely miss the adder.
The adder is severely wounded.
You feel very sick. The adder bites you but does no damage.
You hit the adder but do no damage.
The adder is severely wounded.
You feel sick. The adder barely misses you. The adder bites you.
* * * LOW HITPOINT WARNING * * *
It was a potion of berserk rage.
Your stasis prevents you from going berserk.
You feel sick. The adder bites you.
* * * LOW HITPOINT WARNING * * *
The adder bites you but does no damage. Why would you want to do that?
Unknown command.
You are too injured to fight recklessly!
You are too injured to fight recklessly!
You are too injured to fight recklessly!
You barely miss the adder.
The adder is severely wounded.
You die...

.#.#.#.###.## #..##.#.
............{ #
#......< .....#†.##.##
.# ....#.#.
........##..# .###.{
.. ###(
.####.......####.....
#. ......^.<.......#
#. ####.........#..#
#. #.........##.## ..
...........#.8@# #####
##
####(..#.#.##S##.....#
#.###.#.hh#{{####(
#........g{{.......
###.#..#..#.#####.#
........J.....#
##..#......?....
#......##.#####
#......##.#


You could see an adder, 2 jackals and a goblin.

Vanquished Creatures
  5 bats (D:1)
  An endoplasm (D:1)
  3 hobgoblins
  4 jackals (D:1)
  3 kobolds (D:1)
  A quokka (D:2)
  2 ball pythons (D:1)
  2 frilled lizards (D:1)
  2 goblins (D:1)
  A rat (D:1)
24 creatures vanquished.

Notes
Turn   | Place    | Note
-------+----------+-------------------------------------------
     0 | D:1      | Dani the Formicid Ice Elementalist began the quest for the
                  | Orb.
     0 | D:1      | Reached XP level 1. HP: 13/13 MP: 3/3
    80 | D:1      | Reached skill level 1 in Ranged Weapons
   106 | D:1      | Reached XP level 2. HP: 15/19 MP: 0/5
   249 | D:1      | Reached skill level 2 in Ranged Weapons
   253 | D:1      | HP: 4/19 [frilled lizard (1)]
   520 | D:1      | Reached XP level 3. HP: 24/24 MP: 1/6
   959 | D:2      | HP: 5/24 [adder (3)]
   960 | D:2      | HP: 2/24 [adder (2)]
   961 | D:2      | Succumbed to an adder's poison

Illustrated notes

Levels and vault maps discovered:
D:1:      dpeg_arrival_rhombus, layout_basic
D:2:      layout_basic, reono_crystal_passage, grunt_decor_one_mirror

Skill      XL: |  1  2 |
---------------+-------+-----
Ranged Weapons | 1 2 |  2.6
Dodging        | |  1.7
Stealth        | |  2.4
Spellcasting   | |  2.1
Ice Magic      | |  4.0

Action                     || total
---------------------------++-------
  Melee: Unarmed           ||    37
         Whip              ||     8
         Punch             ||     1
         Mace              ||    23
   Cast: Freeze            ||    28
    Use: Scroll            ||     5
         Potion            ||     1
 Armour: Robe              ||    19
         Ring mail         ||    11
  Dodge: Dodged            ||    82

Levels and vault maps discovered:
D:1:      dpeg_arrival_rhombus, layout_basic
D:2:      layout_basic, reono_crystal_passage, grunt_decor_one_mirror

Table legend: (Time is in decaauts)
 A = Elapsed time spent in this place.
 B = Non-inter-level travel time spent in this place.
 C = Inter-level travel time spent in this place.
 D = Time resting spent in this place.
 E = Time spent auto-exploring this place.
 F = Levels seen in this place.
 G = Mean time per level.
                   A        B        C        D        E       F      G
               +--------+--------+--------+--------+--------+-----+--------+
         Total |    969 |    946 |     23 |      0 |    631 |   2 |  484.5 |
       Dungeon |    969 |    946 |     23 |      0 |    631 |   2 |  484.5 |
               +--------+--------+--------+--------+--------+-----+--------+

Top non-repeatable levels by time:
     D:1: 912 daAuts
     D:2: 56 daAuts

Table legend:
 A = Kills in this place as a percentage of kills in the entire game.
 B = Kills by you in this place as a percentage of kills by you in the entire game.
 C = Kills by friends in this place as a percentage of kills by friends in the entire game.
 D = Other kills in this place as a percentage of other kills in the entire game.
 E = Experience gained in this place as a percentage of experience gained in the entire game.
 F = Experience gained in this place divided by the number of levels of this place that you have seen.
                   A       B       C       D       E      F
               +-------+-------+-------+-------+-------+----------------------
         Total | 100.0 | 100.0 |   N/A |   N/A | 100.0 |  18.5
       Dungeon | 100.0 | 100.0 |   N/A |   N/A | 100.0 |  18.5
               +-------+-------+-------+-------+-------+----------------------
